 Dungeon Crawl Stone Soup version 0.25-a0-842-g81a31cfd23 (webtiles) character file.

Game seed: 10405996188038358935, levelgen mode: deterministic

538482 jt the Metallomancer (level 25, -23/168 HPs)
             Began as a Gargoyle Earth Elementalist on Apr 24, 2020.
             Was the Champion of Ashenzari.
             Killed by Shatter
             ... invoked by jt's illusion (illusionary)
             ... woven by Mara
              (109 damage)
             ... on level 3 of the Depths.
             The game lasted 05:29:53 (70702 turns).

jt the Metallomancer (Gargoyle Earth Elementalist) Turns: 70702, Time: 05:29:55

Health: -23/168    AC: 44    Str: 17    XL:     25   Next: 90%
Magic:  28/48      EV: 14    Int: 21    God:    Ashenzari [******]
Gold:   6421       SH: 16    Dex: 11    Spells: 16/66 levels left

rFire    + . .     SeeInvis +   a - +9 eveningstar (vamp) (curse)
rCold    + . .     Gourm    .   R - +0 kite shield {reflect} (curse)
rNeg     + + .     Faith    .   s - +4 scale mail "Pegil" {rElec rPois MR++ Regen+ Dex-3} (curse)
rPois    ∞         Spirit   .   f - +2 hat
rElec    +         Reflect  +   C - +2 ratskin cloak {+Rats rPois rN+ Str-1 Int-1 Dex+1}
rCorr    .         Harm     .   Y - +2 pair of gloves {Dex+3} (curse)
MR       +++..     Clarity  +   T - +1 pair of boots "Sakoysh" {rF+} (curse)
Stlth    ..........             K - +3 amulet of reflection (curse)
HPRegen  0.78/turn              v - ring of wizardry (curse)
MPRegen  0.31/turn              O - ring of protection from cold (curse)

@: liquefying, flying, very slightly contaminated, studying Throwing
A: big wings, negative energy resistance 1, electricity resistance, unbreathing,
petrification resistance, rot immunity, AC +19
}: 3/15 runes: barnacled, silver, gossamer
a: Stop Flying, Curse Item, Scrying, Transfer Knowledge, Renounce Religion,
Evoke Ratskin


You were on level 3 of the Depths.
You worshipped Ashenzari.
Ashenzari was exalted by your worship.
You were not hungry.

You visited 9 branches of the dungeon, and saw 43 of its levels.
You visited the Abyss 1 time.
You visited 1 bazaar.
You also visited: Ice Cave.

You collected 9000 gold pieces.
You spent 2579 gold pieces at shops.

Inventory:

Hand Weapons
 a - a cursed +9 vampiric eveningstar (weapon)
 B - a +4 sacred scourge of holy wrath
 V - a +9 demon whip of venom
Missiles
 n - 10 curare-tipped darts
 r - 114 poisoned darts (quivered)
Armour
 f - a +2 hat (worn)
 s - the cursed +4 scale mail "Pegil" (worn) {rElec rPois MR++ Regen+ Dex-3}
   (You found it on level 15 of the Dungeon)

   It affects your dexterity (-3).
   It insulates you from electricity.
   It protects you from poison.
   It affects your resistance to hostile enchantments.
   It increases your rate of regeneration.
   It has a curse placed upon it.
 x - a scarf of cloud immunity
 C - the +2 ratskin cloak (worn) {+Rats rPois rN+ Str-1 Int-1 Dex+1}
   (You found it on level 2 of the Depths)

   It affects your strength (-1).
   It affects your intelligence (-1).
   It affects your dexterity (+1).
   It protects you from poison.
   It protects you from negative energy.
 R - a cursed +0 kite shield of reflection (worn)
 T - the cursed +1 pair of boots "Sakoysh" (worn) {rF+}
   (You bought it in a shop on level 2 of the Orcish Mines)

   It protects you from fire.
   It has a curse placed upon it.
 Y - a cursed +2 pair of gloves of dexterity (worn)
Jewellery
 v - a cursed ring of wizardry (left hand)
 y - the ring of Acugh {rCorr Dex+3 Slay+2}
   (You took it off a deep elf sorcerer on level 3 of the Elven Halls)

   [ring of resist corrosion]

   It affects your dexterity (+3).
   It affects your accuracy and damage with ranged weapons and melee attacks
   (+2).
   It provides partial protection from all sources of acid and corrosion.
 K - a cursed +3 amulet of reflection (around neck)
 O - a cursed ring of protection from cold (right hand)
Wands
 A - a wand of digging (21)
 G - a wand of acid (24)
 J - a wand of iceblast (40)
 L - a wand of paralysis (27)
 U - a wand of polymorph (54)
 W - a wand of scattershot (14)
Scrolls
 b - a scroll of vulnerability
 i - 37 scrolls of identify
 o - 20 scrolls of teleportation
 q - 4 scrolls of fear
 u - 6 scrolls of blinking
 z - 13 scrolls of remove curse
 F - 2 scrolls of holy word
 M - 8 scrolls of magic mapping
 Q - 3 scrolls of summoning
 Z - 4 scrolls of immolation
Potions
 d - 6 potions of ambrosia
 e - 5 potions of haste
 g - 3 potions of cancellation
 h - 8 potions of magic
 l - 23 potions of curing
 m - a potion of resistance
 D - 2 potions of might
 H - 5 potions of brilliance
 P - 3 potions of invisibility
 X - 2 potions of heal wounds
Books
 p - a manual of Throwing
Miscellaneous
 c - 3 tins of tremorstones
 k - a lightning rod (4/4)
 t - a phial of floods
 w - 5 phantom mirrors
Comestibles
 j - 44 rations


   Skills:
 + Level 20.3 Fighting
   Level 2.0 Short Blades
 - Level 14.0(18.0) Maces & Flails
 + Level 9.8(12.6) Armour
 + Level 7.5(10.6) Dodging
 - Level 2.1 Stealth
 - Level 12.3(15.0) Shields
 + Level 21.1 Spellcasting
 - Level 8.6(13.0) Conjurations
 - Level 0.9(3.3) Hexes
 - Level 0.5(2.3) Necromancy
 - Level 0.5(2.3) Translocations
 - Level 5.5(10.0) Transmutations
 - Level 24.0(27) Earth Magic
 + Level 9.5(13.8) Evocations


You had 16 spell levels left.
You knew the following spells:

 Your Spells              Type           Power        Failure   Level  Hunger
a - Apportation           Tloc           ####..       1%          1    None
b - Passwall              Tmut/Erth      #######.     0%          2    None
c - Stone Arrow           Conj/Erth      ######       0%          3    None
d - Animate Skeleton      Necr           N/A          1%          1    None
e - Lee's Rapid Deconstr  Erth           #######...   0%          5    None
f - Petrify               Tmut/Erth      #######.     1%          4    None
g - Mephitic Cloud        Conj/Pois/Air  #####...     1%          3    None
h - Blink                 Tloc           N/A          1%          2    None
i - Irradiate             Conj/Tmut      ######....   1%          5    None
j - Leda's Liquefaction   Hex/Erth       ######....   1%          4    None
k - Iron Shot             Conj/Erth      #######...   1%          6    ###....
l - Borgnjor's Vile Clut  Necr/Erth      ######....   1%          5    None
L - Shatter               Erth           #######...   3%          9    #######

Your spell library contained the following spells:

 Spells                   Type           Power        Failure   Level  Hunger
 Sandblast                Erth           ######       0%          1    None
 Beastly Appendage        Tmut           ######       1%          1    None
 Corona                   Hex            #####..      1%          1    None
 Foxfire                  Conj/Fire      ####         1%          1    None
 Freeze                   Ice            ####         1%          1    None
 Infusion                 Chrm           ####         1%          1    None
 Magic Dart               Conj           ####         1%          1    None
 Shock                    Conj/Air       ####         1%          1    None
 Sting                    Tmut/Pois      ####         1%          1    None
 Summon Butterflies       Summ           ####....     1%          1    None
 Summon Small Mammal      Summ           ####         1%          1    None
 Corpse Rot               Necr/Air       N/A          1%          2    None
 Ensorcelled Hibernation  Hex/Ice        ####..       1%          2    None
 Searing Ray              Conj           ######       1%          2    None
 Shroud of Golubria       Chrm/Tloc      ####..       1%          2    None
 Slow                     Hex            #####...     1%          2    None
 Sticks to Snakes         Tmut           ######..     1%          2    None
 Confusing Touch          Hex            #####...     1%          3    None
 Conjure Flame            Conj/Fire      ######..     1%          3    None
 Dazzling Flash           Conj/Hex       ######       1%          3    None
 Ignite Poison            Fire/Tmut/Pois #####...     1%          3    None
 Portal Projectile        Hex/Tloc       ####..       1%          3    None
 Spider Form              Tmut/Pois      #####.....   1%          3    None
 Static Discharge         Conj/Air       ######..     1%          3    None
 Tukima's Dance           Hex            #####...     1%          3    None
 Fulminant Prism          Conj/Hex       ######....   1%          4    None
 Blade Hands              Tmut           ######....   1%          5    None
 Bolt of Magma            Conj/Fire/Erth ######....   1%          5    None
 Call Imp                 Summ           ####....     2%          2    None
 Poisonous Vapours        Pois/Air       ####..       2%          2    None
 Song of Slaying          Chrm           ####....     2%          2    None
 Swiftness                Chrm/Air       ####....     2%          2    None
 Gell's Gravitas          Tloc           ####......   2%          3    None
 Inner Flame              Hex/Fire       ####....     2%          3    None
 Spectral Weapon          Hex/Chrm       ####....     2%          3    None
 Ice Form                 Ice/Tmut       #####...     2%          4    None
 Recall                   Summ/Tloc      N/A          3%          3    None
 Lightning Bolt           Conj/Air       ######....   3%          5    None
 Call Canine Familiar     Summ           ####....     4%          3    None
 Ozocubu's Armour         Chrm/Ice       ####....     4%          3    None
 Yara's Violent Unravell  Hex/Tmut       ######....   4%          5    None
 Cause Fear               Hex            #####.....   5%          4    None
 Hydra Form               Tmut           ######....   5%          6    ###....
 Alistair's Intoxication  Tmut/Pois      #####...     6%          5    None
 Animate Dead             Necr           N/A          9%          4    None
 Airstrike                Air            ####......   16%         4    None
 Summon Ice Beast         Ice/Summ       ####....     16%         4    None
 Metabolic Englaciation   Hex/Ice        ####......   26%         5    None
 Dragon Form              Tmut           ######....   28%         7    #####..
 Summon Forest            Summ/Tloc      ####......   30%         5    None
 Eringya's Noxious Bog    Tmut/Pois      #####.....   32%         6    ###....
 Freezing Cloud           Conj/Ice/Air   #####.....   38%         6    ###....
 Death Channel            Necr           ####......   73%         6    ###....
 Simulacrum               Ice/Necr       ####......   83%         6    ###....
 Haunt                    Necr/Summ      ####......   100%        7    #####..
 Ring of Flames           Chrm/Fire      ####......   100%        7    #####..
 Summon Hydra             Summ           ####......   100%        7    #####..
 Borgnjor's Revivificati  Necr           ####......   100%        8    ######.
 Death's Door             Chrm/Necr      ####......   100%        8    ######.
 Ignition                 Fire           ####......   100%        8    ######.
 Infestation              Necr           ####......   100%        8    ######.
 Necromutation            Tmut/Necr      #####.....   100%        8    ######.
 Tornado                  Air            ####......   100%        9    #######
 Sublimation of Blood     Necr           Unusable     N/A         2    N/A
 Statue Form              Tmut/Erth      Unusable     N/A         6    N/A

Dungeon Overview and Level Annotations

Branches:
Dungeon (15/15)            Temple (0/1) D:4            Lair (6/6) D:11
 Shoals (4/4) Lair:4       Spider (4/4) Lair:2        Slime (0/5) Lair:6
    Orc (2/2) D:12            Elf (3/3) Orc:2        Vaults (5/5) D:14
  Crypt (1/3) Vaults:2     Depths (3/5) D:15          IceCv (visited)

Altars:
Ashenzari
Cheibriados
Dithmenos
Fedhas
Hepliaklqana
Makhleb
Nemelex Xobeh
Okawaru
Sif Muna
Trog
Uskayaw
Vehumet
Wu Jian
Yredelemnul
The Shining One
Jiyva

Shops:
Orc:2 *[(:   Vaults:1 *=   Vaults:2 %%%(   Vaults:3 =   Vaults:4 }
Depths:1 ?*=(

Portals:
Hell: Depths:1 Depths:2 Depths:3
Abyss: Depths:1 Depths:2

Annotations:
Elf:2 1 runed translucent door
Depths:2 1 runed translucent door
Depths:3 Mara


Innate Abilities, Weirdness & Mutations

You are resistant to torment.
Your stone body is resilient. (AC +19)
You are immune to poison.
Your large and strong wings let you fly indefinitely.
You resist negative energy. (rN+)
You are resistant to electric shocks. (rElec)
You can survive without breathing.
You are immune to petrification.
You are immune to rotting.


Message History

Ka-crash!
You are feeling hungry.
You hear a shout! x2
Mara blinks!
Eat a chunk of flesh? (ye/n/q)
Okay, then.
Eat a chunk of flesh? (ye/n/q)
You eat the chunk of flesh.
This raw flesh tastes terrible.
Jt's illusion mumbles some strange words.
The dungeon rumbles around jt's illusion!
You shudder from the earth-shattering force!!!!
Ka-crash!
You hear a shout!
Casting: Shatter (dangerous; 3% risk of failure)
Confirm with . or Enter, or press ? or * to list all spells.
The dungeon rumbles!
Ka-crash!
You hear a shout!
Jt's illusion gestures wildly while chanting.
The dungeon rumbles around jt's illusion!
You shudder from the earth-shattering force!!!!
Ouch! That really hurt!
You die...

♣..** #[)['...)').) *
♣...* #[..#....#.)) ***
...** ######''##### *
*,,,* ♣...♣♣
*♣#............ , * *
......♣* *.#............
,, *♣
...♣.♣♣.♣#............ ,
**
♣..♣.@..♣.♣######)'#####
♣.........♣.............
,, ** ♣♣.@................
** ♣.......♣.).♣♣♣...... *
♣♣♣.........♣.♣♣♣♣♣♣♣♣♣
♣♣..............♣♣♣ ♣
♣..♣♣......♣.......♣♣
♣♣.♣♣♣..♣.......)†...♣
♣.≈≈≈≈♣.♣.....♣..).♣.♣♣♣♣
♣.≈≈≈≈...............♣♣.♣♣
♣.♣≈≈≈≈♣..♣...♣.....♣.....


You could see jt's illusion.

Vanquished Creatures
  Saint Roka (Orc:2)
  2 caustic shrikes (Depths:2)
  2 golden dragons
  Nikola (Spider:3)
  Jory (Vaults:2)
  the Enchantress (Depths:3)
  Arachne (Spider:2)
  The ghost of Vileos the Hand of Fortune, an adept DsGl of Nemelex Xobeh (Vaults:1)
  3 tentacled monstrosities
  A lich (Depths:2)
  Jorgrun (Orc:2)
  The ghost of Naugih the Spry, an adept SpEn of Kikubaaqudgha (Elf:3)
  3 deep elf blademasters
  A sphinx (Depths:2)
  3 titans (Vaults:5)
  A deep elf master archer (Elf:3)
  Gastronok (D:8)
  2 krakens (Shoals:1)
  8 tengu reavers
  An ancient champion (Crypt:1)
  The ghost of p0werm0de the Champion of Chaos, an adept DDFi of Makhleb (Shoals:4)
  Roxanne (Spider:4)
  5 shadow dragons
  Agnes (Spider:3)
  The ghost of psellion the Marksminotaur, an adept MiAM of Ru (Elf:1)
  Donald (Spider:2)
  3 storm dragons
  6 fire giants
  15 deep elf sorcerers
  2 orc warlords
  5 frost giants
  Louise (Spider:4)
  21 vault wardens
  7 emperor scorpions
  An angel (D:7)
  A ghost moth (Spider:4)
  9 deep elf elementalists
  A war gargoyle (Vaults:5)
  The ghost of Vieluargh the Lord of Darkness, a journeyman DsNe of Kikubaaqudgha (Spider:2)
  17 ironheart preservers
  3 spriggan defenders (Depths:3)
  4 very ugly things
  11 stone giants
  2 vampire knights
  11 deep elf demonologists
  3 entropy weavers
  6 deep elf annihilators
  A dire elephant (D:15)
  6 spark wasps
  A minotaur (Vaults:1)
  6 merfolk javelineers
  12 deep elf death magi
  9 ettins
  7 merfolk impalers
  5 fire dragons
  5 deep elf high priests
  14 yaktaur captains
  4 great orbs of eyes
  3 jiangshi (Depths:1)
  Erolcha (D:11)
  3 rakshasas
  8 hydras
  A hell beast (Depths:1)
  2 catoblepae (Lair:6)
  35 vault guards
  7 ice dragons
  5 centaur warriors
  An anaconda (Depths:3)
  4 merfolk avatars
  4 death knights
  5 spriggan air magi
  34 dancing weapons
  4 satyrs
  2 merfolk aquamancers
  51 two-headed ogres
  Erica (D:8)
  5 deep troll shamans
  2 alligator snapping turtles (Shoals:4)
  16 ogre magi
  5 deep troll earth magi
  3 vampire magi
  9 tengu warriors
  Urug (Lair:6)
  14 death yaks
  A storm dragon zombie (Vaults:4)
  2 orc high priests
  7 hell knights (Depths:1)
  37 deep elf knights
  Sonja (Lair:2)
  Nergalle (D:11)
  5 spriggan berserkers
  A titan skeleton (Vaults:4)
  10 skeletal warriors
  3 iron trolls (Depths:1)
  4 shadow wraiths
  A sea snake (shapeshifter) (Depths:2)
  2 unseen horrors (shapeshifter)
  An unseen horror (D:14)
  A flayed ghost (Vaults:5)
  24 deep elf archers
  7 spriggan druids (Depths:3)
  6 sea snakes
  A swamp dragon (shapeshifter) (Vaults:5)
  17 deep trolls
  7 wizards
  An orb spider (shapeshifter) (Depths:2)
  12 ironbrand convokers
  Pikel (D:4)
  20 harpies
  18 orc knights
  6 phantasmal warriors
  5 necromancers
  24 orb spiders
  6 orc sorcerers
  10 ugly things
  A fire giant zombie (Depths:1)
  76 deep elf magi
  A glowing shapeshifter (Vaults:5)
  An oklob plant (Lair:4)
  35 wolf spiders
  10 fauns
  A stone giant zombie (Depths:1)
  3 moths of wrath
  6 cyclopes
  A salamander (D:15)
  19 manticores
  Maurice (Orc:2)
  10 merfolk sirens
  A moth of wrath (shapeshifter) (D:14)
  An ice statue (IceCv)
  A rust devil (Depths:1)
  10 elephants
  3 black mambas
  5 water nymphs
  A guardian serpent (shapeshifter) (Elf:3)
  16 vault sentinels
  2 human skeletons (Vaults:4)
  2 gargoyles
  A torpor snail (shapeshifter) (Vaults:5)
  6 centaur skeletons
  Psyche (D:8)
  8 spiny frogs
  3 orange demons (D:15)
  2 torpor snails
  2 human zombies
  2 efreet (D:15)
  5 rime drakes
  4 freezing wraiths
  37 yaktaurs
  Maggie (Lair:2)
  13 demonic crawlers
  A kobold demonologist (Depths:1)
  7 komodo dragons
  A red devil (Depths:1)
  3 tengu conjurers
  4 trolls
  12 polar bears (IceCv)
  A meliai (shapeshifter) (Vaults:4)
  27 jumping spiders
  17 merfolk
  3 jumping spiders (shapeshifter)
  A troll (shapeshifter) (Depths:2)
  A hornet (shapeshifter) (Depths:2)
  A wind drake (shapeshifter) (Vaults:4)
  4 snapping turtles
  19 hornets
  A blink frog (shapeshifter) (Vaults:3)
  6 dream sheep
  Grinder (D:6)
  6 wind drakes
  9 hippogriffs
  17 slime creatures
  4 blink frogs
  A stone giant simulacrum (Vaults:3)
  2 fire giant simulacra (Depths:2)
  3 air elementals (Elf:3)
  79 redbacks
  An elf skeleton (Depths:1)
  A spriggan simulacrum (Depths:1)
  A vampire (D:12)
  37 spriggans
  14 water elementals
  43 tarantellas
  A yak (shapeshifter) (Depths:3)
  2 wyverns
  Eustachio (D:6)
  55 yaks
  5 wraiths
  3 fire elementals
  2 basilisks
  3 hungry ghosts
  A steam dragon (shapeshifter) (Vaults:2)
  Menkaure (D:5)
  15 vampire mosquitoes
  5 wargs
  A swamp worm (shapeshifter) (Vaults:5)
  4 acid dragons
  A soldier ant (D:15)
  10 porcupines
  15 water moccasins
  Duvessa (D:6)
  3 sky beasts
  A swamp drake (D:12)
  An ice beast (shapeshifter) (Vaults:5)
  4 ice beasts
  A sky beast (shapeshifter) (Depths:1)
  A slave (D:5)
  45 orc warriors
  2 black bears
  2 eyes of draining
  4 phantoms
  A hornet zombie (Vaults:1)
  30 ogres
  16 boggarts
  A necrophage (D:13)
  23 wolves
  2 tengu (shapeshifter)
  25 centaurs
  An orc skeleton (Vaults:1)
  5 crocodiles
  An elf zombie (Crypt:1)
  14 bullfrogs
  4 big kobolds
  A wyvern zombie (D:12)
  An earth elemental (Elf:1)
  Dowan (D:6)
  5 scorpions
  4 human simulacra
  8 killer bees
  19 wights
  7 electric eels
  6 howler monkeys
  8 crimson imps
  A bullfrog zombie (D:5)
  3 centaur zombies
  11 hounds
  11 jellies
  3 quasits
  17 orc priests
  3 bullfrog skeletons
  Ijyb (D:5)
  5 worker ants
  5 iguanas
  20 orc wizards
  A killer bee zombie (D:6)
  4 hound skeletons
  A worker ant zombie (D:7)
  8 gnolls
  12 adders
  2 shadow imps
  8 oozes
  2 adder skeletons
  8 worms
  A dart slug (D:4)
  6 leopard geckos
  69 orcs
  7 bats
  6 giant cockroaches
  4 goblins
  8 hobgoblins
  13 kobolds
  A quokka (D:10)
  A ball python (D:3)
  11 frilled lizards
  2 jackal skeletons (D:4)
  A leopard gecko skeleton (D:9)
  3 rats (D:2)
  2 crawling corpses (Vaults:5)
  A fungus (Lair:5)
  5 plants
  3 tentacles (Shoals:1)
1977 creatures vanquished.

Vanquished Creatures (collateral kills)
  A stone giant (Vaults:4)
  An ironheart preserver (Vaults:4)
  A merfolk impaler (Shoals:1)
  2 catoblepae (Lair:6)
  A satyr (Shoals:2)
  3 death yaks
  A sea snake (Shoals:1)
  A deep troll (Vaults:5)
  A harpy (Shoals:1)
  2 ugly things
  2 deep elf magi (Elf:1)
  5 fauns
  A wolf spider (Spider:3)
  3 elephants (Lair:4)
  4 spiny frogs
  A rime drake (Lair:3)
  A komodo dragon (Lair:6)
  2 yaktaurs (Vaults:2)
  A demonic crawler (Spider:3)
  6 merfolk
  A hornet (D:13)
  2 blink frogs
  2 redbacks
  A wraith (Vaults:2)
  2 water elementals
  4 yaks
  A basilisk (Lair:4)
  A vampire mosquito (D:15)
  A soldier ant (shapeshifter) (D:13)
  6 water moccasins
  An orc warrior (D:12)
  An ice beast (D:15)
  2 ogres
  A centaur (Shoals:1)
  2 crocodiles (Lair:1)
  A wolf (Lair:3)
  2 bullfrogs (Lair:3)
  An earth elemental (Elf:1)
  A wight (D:15)
  An orc priest (D:10)
  A bullfrog skeleton (D:12)
  2 jellies (Lair:4)
  A shadow imp (D:15)
  An ooze (Lair:4)
  2 orcs
  9 plants
  A tentacle (Shoals:1)
91 creatures vanquished.

Vanquished Creatures (others)
  A deep elf master archer (Elf:3)
  A vault warden (Vaults:2)
  2 stone giants
  A deep elf annihilator (Elf:1)
  2 yaktaur captains
  A centaur warrior (Vaults:2)
  2 satyrs
  A shadow wraith (Vaults:5)
  2 deep elf archers
  A necromancer (Depths:1)
  2 fauns
  A harpy (Shoals:4)
  5 yaktaurs
  3 polar bears (IceCv)
  A merfolk (Shoals:4)
  A water elemental (Shoals:3)
  2 ogres
  3 centaurs
  2 orc wizards
  3 orcs
  A kobold (D:13)
  20 fungi
  27 plants
  11 tentacles (Shoals:1)
96 creatures vanquished.

Grand Total: 2164 creatures vanquished

Notes
Turn   | Place    | Note
-------+----------+-------------------------------------------
     0 | D:1      | jt the Gargoyle Earth Elementalist began the quest for the
                  | Orb.
     0 | D:1      | Reached XP level 1. HP: 10/10 MP: 3/3
   447 | D:1      | Reached skill level 4 in Earth Magic
   447 | D:1      | Reached XP level 2. HP: 15/15 MP: 5/5
   995 | D:2      | Found a shattered altar of Ashenzari.
  1002 | D:2      | Became a worshipper of Ashenzari the Shackled
  1120 | D:2      | Reached XP level 3. HP: 19/20 MP: 6/6
  1218 | D:2      | Found a snail-covered altar of Cheibriados.
  1404 | D:2      | Reached skill level 1 in Short Blades
  1404 | D:2      | Reached XP level 4. HP: 12/24 MP: 7/7
  1620 | D:2      | Reached skill level 1 in Shields
  1742 | D:2      | Found a shimmering blue altar of Sif Muna.
  2274 | D:3      | Found an ornate altar of the Wu Jian Council.
  2809 | D:3      | Reached XP level 5. HP: 27/28 MP: 6/8
  3281 | D:4      | Found a hazy altar of Hepliaklqana.
  3286 | D:4      | Reached * piety under Ashenzari
  3521 | D:4      | Noticed a phantom
  3550 | D:4      | Killed a phantom
  3550 | D:4      | Reached XP level 6. HP: 27/36 MP: 5/9
  3633 | D:4      | Found a staircase to the Ecumenical Temple.
  4317 | D:5      | Entered Level 5 of the Dungeon
  4402 | D:5      | Reached XP level 7. HP: 42/44 MP: 8/10
  4528 | D:5      | Reached skill level 5 in Fighting
  4655 | D:5      | Noticed Pikel
  4711 | D:4      | Killed Pikel
  4711 | D:4      | Reached XP level 8. HP: 30/54 MP: 9/11
  5013 | D:5      | Noticed Menkaure
  5019 | D:5      | Killed Menkaure
  5302 | D:5      | Reached ** piety under Ashenzari
  5396 | D:5      | Found a radiant altar of Vehumet.
  5396 | D:5      | Found a bloodstained altar of Trog.
  5519 | D:5      | Noticed Ijyb
  5526 | D:5      | Killed Ijyb
  5565 | D:5      | Found a shimmering blue altar of Sif Muna.
  5691 | D:6      | Reached skill level 5 in Maces & Flails
  5720 | D:6      | Reached XP level 9. HP: 24/59 MP: 12/12
  5970 | D:6      | Noticed Duvessa
  5976 | D:6      | Noticed Dowan
  6002 | D:6      | Noticed Grinder
  6008 | D:6      | Killed Duvessa
  6008 | D:6      | Reached skill level 1 in Evocations
  6276 | D:5      | Learned a level 2 spell: Passwall
  6280 | D:5      | Learned a level 3 spell: Stone Arrow
  6305 | D:6      | Killed Dowan
  6305 | D:6      | Reached skill level 1 in Armour
  6421 | D:6      | Found a burning altar of Makhleb.
  6421 | D:6      | Noticed Eustachio
  6436 | D:6      | Killed Eustachio
  7024 | D:7      | Found a hide-covered altar of Uskayaw.
  7127 | D:7      | Reached XP level 10. HP: 53/64 MP: 13/13
  7394 | D:7      | Reached skill level 5 in Evocations
  7696 | D:7      | Found a glowing golden altar of the Shining One.
  7696 | D:7      | Found a basalt altar of Yredelemnul.
  7703 | D:7      | Noticed an angel
  7922 | D:6      | Killed Grinder
  8228 | D:7      | Noticed a profane servitor
  8264 | D:8      | Noticed Gastronok
  8347 | D:8      | Noticed a two-headed ogre
  8470 | D:8      | Killed Gastronok
  8625 | D:8      | Learned a level 5 spell: Lee's Rapid Deconstruction
  8684 | D:8      | Found a sparkling altar of Nemelex Xobeh.
  8816 | D:8      | Noticed Erica
  8855 | D:8      | Killed Erica
  8855 | D:8      | Reached XP level 11. HP: 33/68 MP: 14/14
  9092 | D:8      | Found an iron altar of Okawaru.
  9289 | D:8      | Killed a two-headed ogre
  9719 | D:8      | Reached *** piety under Ashenzari
  9732 | D:8      | Noticed Psyche
  9741 | D:8      | Killed Psyche
  9873 | D:9      | Found a shadowy altar of Dithmenos.
 10364 | D:9      | Found a shadowy altar of Dithmenos.
 10863 | D:10     | Entered Level 10 of the Dungeon
 11126 | D:10     | Noticed a deep elf archer
 11133 | D:10     | Noticed an ettin
 11134 | D:10     | Killed a deep elf archer
 11135 | D:10     | Noticed a deep elf mage
 11514 | D:10     | Killed a deep elf mage
 11533 | D:10     | Found an ornate altar of the Wu Jian Council.
 11537 | D:10     | Found a shattered altar of Ashenzari.
 11565 | D:10     | Reached skill level 1 in Conjurations
 11583 | D:10     | Reached skill level 5 in Earth Magic
 11687 | D:10     | Reached **** piety under Ashenzari
 12093 | D:10     | Killed an ettin
 12333 | D:11     | Noticed a two-headed ogre
 12340 | D:11     | Noticed a two-headed ogre
 12433 | D:11     | Killed a two-headed ogre
 12433 | D:11     | Reached XP level 12. HP: 73/73 MP: 17/17
 12441 | D:11     | Killed a two-headed ogre
 12441 | D:11     | Reached skill level 6 in Earth Magic
 12763 | D:11     | Noticed Erolcha
 12929 | D:11     | Noticed Nergalle
 12945 | D:11     | Killed Nergalle
 12945 | D:11     | Reached skill level 7 in Earth Magic
 13252 | D:11     | Found a staircase to the Lair.
 13273 | D:11     | Reached skill level 5 in Spellcasting
 13312 | Lair:1   | Entered Level 1 of the Lair of Beasts
 13322 | Lair:1   | Reached skill level 5 in Conjurations
 13644 | Lair:1   | Learned a level 1 spell: Animate Skeleton
 13976 | Lair:1   | Reached skill level 8 in Earth Magic
 13990 | Lair:1   | Noticed a seven-headed hydra
 14019 | Lair:1   | Killed a seven-headed hydra
 14263 | Lair:1   | Noticed a five-headed hydra
 14273 | Lair:1   | Killed a five-headed hydra
 14405 | Lair:2   | Reached ***** piety under Ashenzari
 14406 | Lair:2   | Noticed Maggie
 14412 | Lair:2   | Killed Maggie
 14539 | Lair:2   | Noticed a five-headed hydra
 14558 | Lair:2   | Reached skill level 9 in Earth Magic
 14929 | Lair:2   | Killed a five-headed hydra
 14929 | Lair:2   | Reached XP level 13. HP: 78/78 MP: 6/23
 15178 | Lair:2   | Learned a level 4 spell: Petrify
 15182 | Lair:2   | Learned a level 3 spell: Mephitic Cloud
 15185 | Lair:2   | Learned a level 2 spell: Blink
 15185 | Lair:2   | Found a hole to the Spider Nest.
 15186 | Lair:2   | Noticed Sonja
 15194 | Lair:2   | Killed Sonja
 15194 | Lair:2   | Reached skill level 1 in Transmutations
 16253 | Lair:3   | Identified a scroll of acquirement
 16254 | Lair:3   | Identified the cursed ring of Ongeovva {Fire Dex+3} (You
                  | acquired it on level 3 of the Lair of Beasts)
 16254 | Lair:3   | Identified the cursed +1 great mace of Wiethryxea {flame,
                  | rF+ Int+4} (You acquired it on level 3 of the Lair of
                  | Beasts)
 16262 | Lair:3   | Learned a level 5 spell: Irradiate
 16614 | Lair:3   | Reached skill level 10 in Earth Magic
 17297 | Lair:4   | Found a staircase to the Shoals.
 19134 | Lair:5   | Reached skill level 11 in Earth Magic
 19277 | Lair:5   | Found a frozen archway.
 19293 | IceCv    | Entered an ice cave
 19979 | IceCv    | Gained mutation: Your large and strong wings let you fly
                  | indefinitely. [Gargoyle growth]
 19979 | IceCv    | Reached XP level 14. HP: 84/84 MP: 10/26
 20004 | IceCv    | Reached skill level 12 in Earth Magic
 20177 | IceCv    | Noticed a frost giant
 20198 | IceCv    | Killed a frost giant
 20413 | IceCv    | Reached ****** piety under Ashenzari
 20869 | Lair:5   | Reached skill level 10 in Spellcasting
 21317 | Lair:5   | Reached skill level 13 in Earth Magic
 21912 | Lair:6   | Entered Level 6 of the Lair of Beasts
 22831 | Lair:6   | Found a staircase to the Slime Pits.
 22832 | Lair:6   | Found a viscous altar of Jiyva.
 23072 | Lair:6   | Reached skill level 14 in Earth Magic
 23629 | Lair:6   | Reached XP level 15. HP: 88/88 MP: 14/30
 23934 | Lair:6   | Noticed Urug
 23942 | Lair:6   | Killed Urug
 24531 | Lair:6   | Learned a level 4 spell: Leda's Liquefaction
 25724 | D:12     | Reached skill level 15 in Earth Magic
 25813 | D:12     | Found a staircase to the Orcish Mines.
 26220 | Orc:1    | Entered Level 1 of the Orcish Mines
 26719 | Orc:2    | Entered Level 2 of the Orcish Mines
 26907 | Orc:2    | Noticed Maurice
 26907 | Orc:2    | Noticed Jorgrun
 29588 | D:14     | Reached skill level 16 in Earth Magic
 30299 | D:14     | Found a gate to the Vaults.
 30427 | D:15     | Entered Level 15 of the Dungeon
 30863 | D:15     | Found a staircase to the Depths.
 30932 | D:15     | Reached XP level 16. HP: 93/93 MP: 12/33
 31351 | D:15     | Reached skill level 17 in Earth Magic
 31629 | D:15     | Found a blossoming altar of Fedhas.
 31927 | D:15     | Got the uncursed scale mail "Pegil" {rElec rPois MR++
                  | Regen+ Dex-3}
 31938 | D:15     | Identified the +4 scale mail "Pegil" {rElec rPois MR++
                  | Regen+ Dex-3} (You found it on level 15 of the Dungeon)
 32732 | Orc:2    | Killed Jorgrun
 33206 | Orc:2    | Killed Maurice
 33223 | Orc:2    | Noticed Saint Roka
 33573 | Orc:2    | Killed Saint Roka
 33763 | Orc:2    | Found Uronaj's Antique Armour Emporium.
 33771 | Orc:2    | Bought a pair of ichor-stained boots for 199 gold pieces
 33771 | Orc:2    | Identified the +1 pair of boots "Sakoysh" {rF+} (You bought
                  | it in a shop on level 2 of the Orcish Mines)
 33786 | Orc:2    | Bought a pair of glowing gloves for 157 gold pieces
 33786 | Orc:2    | Bought a slimy ring mail for 189 gold pieces
 33795 | Orc:2    | Bought a distressingly furry plate armour for 588 gold
                  | pieces
 33902 | Orc:2    | Found Iqeanaut's Antique Weapon Shoppe.
 34005 | Orc:2    | Found Zulyrphia's Book Emporium.
 34006 | Orc:2    | Found a staircase to the Elven Halls.
 34340 | Orc:2    | Found Kaorent's General Store.
 34370 | Orc:2    | Bought a wand of acid (5) for 252 gold pieces
 34846 | Spider:1 | Entered Level 1 of the Spider Nest
 35135 | Spider:1 | Reached skill level 5 in Shields
 35434 | Spider:1 | Reached skill level 18 in Earth Magic
 36063 | Spider:2 | Noticed Donald
 36076 | Spider:2 | Killed Donald
 36077 | Spider:2 | Noticed Arachne
 36289 | Spider:2 | Killed Arachne
 36289 | Spider:2 | Reached XP level 17. HP: 99/99 MP: 6/35
 37315 | Spider:2 | Found a runed translucent door.
 37315 | Spider:2 | Noticed Vieluargh's ghost (journeyman DsNe)
 37324 | Spider:2 | Killed Vieluargh's ghost
 37601 | Spider:3 | Noticed Nikola
 37608 | Spider:3 | Killed Nikola
 37744 | Spider:3 | Noticed Agnes
 37756 | Spider:3 | Killed Agnes
 38225 | Spider:3 | Identified the amulet "Nenty" {Gourm rPois Str+4 Dex-3}
 38416 | Spider:3 | Reached skill level 10 in Fighting
 39048 | Spider:4 | Entered Level 4 of the Spider Nest
 39093 | Spider:4 | Reached skill level 15 in Spellcasting
 39734 | Spider:4 | Noticed Louise
 39743 | Spider:4 | Killed Louise
 39979 | Spider:4 | Identified the cursed ring "Wuedemol" {AC+2 Str+4 Stlth+}
                  | (You acquired it on level 4 of the Spider Nest)
 39980 | Spider:4 | Identified the cursed ring of Ascent {rN+ AC+3 Stlth+} (You
                  | acquired it on level 4 of the Spider Nest)
 39980 | Spider:4 | Identified the cursed +2 buckler "Siocuth" {rF+ Dex+2} (You
                  | acquired it on level 4 of the Spider Nest)
 40119 | Spider:4 | Noticed Roxanne
 40151 | Spider:4 | Reached XP level 18. HP: 74/108 MP: 35/37
 40203 | Spider:4 | Killed Roxanne
 40335 | Spider:4 | Learned a level 6 spell: Iron Shot
 40737 | Spider:4 | Reached skill level 10 in Shields
 41556 | Spider:4 | Got a gossamer rune of Zot
 42216 | D:11     | Killed Erolcha
 42378 | Shoals:1 | Entered Level 1 of the Shoals
 43094 | Shoals:1 | Found a hazy altar of Hepliaklqana.
 45091 | Shoals:3 | Reached skill level 5 in Transmutations
 46054 | Shoals:4 | Entered Level 4 of the Shoals
 46198 | Shoals:4 | Reached XP level 19. HP: 114/114 MP: 28/39
 46683 | Shoals:4 | Reached skill level 19 in Earth Magic
 47340 | Shoals:4 | Found a runed translucent gate.
 47344 | Shoals:4 | Found a runed translucent gate.
 47405 | Shoals:4 | Found a runed translucent gate.
 47407 | Shoals:4 | Noticed p0werm0de's ghost (adept DDFi)
 47432 | Shoals:4 | Killed p0werm0de's ghost
 47634 | Shoals:4 | Identified the cursed +0 buckler of Kikubaaqudgha's Fury
                  | {rPois rF+ Regen+ Dex-2}
 48097 | Shoals:4 | Got a barnacled rune of Zot
 48531 | Vaults:1 | Entered Level 1 of the Vaults
 48951 | Vaults:1 | Found a runed translucent gate.
 48951 | Vaults:1 | Found a runed translucent gate.
 48951 | Vaults:1 | Found a runed translucent gate.
 48952 | Vaults:1 | Noticed Vileos's ghost (adept DsGl)
 48953 | Vaults:1 | Identified the +2 pair of gloves "Umithrow" {rElec Regen+
                  | MP+9 Dex-2}
 48953 | Vaults:1 | Found an iron altar of Okawaru.
 49151 | Vaults:1 | Found Nioguowa's Assorted Antiques.
 49598 | Vaults:1 | Noticed a tentacled monstrosity
 49658 | Vaults:1 | Killed a tentacled monstrosity
 49976 | Vaults:1 | Learned a level 9 spell: Shatter
 50611 | Vaults:1 | Found Ubbo's Jewellery Emporium.
 51029 | Vaults:2 | Reached skill level 20 in Earth Magic
 51041 | Vaults:2 | Reached XP level 20. HP: 124/124 MP: 2/40
 51118 | Vaults:2 | Learned a level 1 spell: Apportation
 51255 | Vaults:2 | Found Seastibo's Food Emporium.
 51278 | Vaults:2 | Found Nyosesm's Antique Weapon Shop.
 51353 | Vaults:2 | Noticed Jory
 51371 | Vaults:2 | Killed Jory
 51762 | Vaults:2 | Found a staircase to the Crypt.
 52483 | Vaults:2 | Found Bopozxu's Food Shoppe.
 52599 | Vaults:2 | Found Ven Alarph's Food Shop.
 53112 | Vaults:2 | Identified the cursed ring "Gayvyor" {*Corrode rN+++ AC-2
                  | Int+8 Dex-5}
 53392 | Vaults:2 | Identified the +3 giant club of Ravage {freeze, rC+ rN+
                  | MR+}
 53469 | Crypt:1  | Entered Level 1 of the Crypt
 54495 | Orc:2    | Bought a scroll of enchant weapon for 105 gold pieces
 54526 | Elf:1    | Entered Level 1 of the Elven Halls
 54593 | Elf:1    | Found a flickering gateway to a bazaar.
 54614 | Bazaar   | Entered a bazaar
 54614 | Bazaar   | Found Bestor's General Store.
 54622 | Bazaar   | Found Laykkule's General Store.
 54642 | Bazaar   | Found Viaciow's Distillery.
 54646 | Bazaar   | Found Uroqodghy's Weapon Shop.
 54683 | Bazaar   | Bought a scroll of remove curse for 45 gold pieces
 54693 | Bazaar   | Bought a scroll of vulnerability for 105 gold pieces
 54693 | Bazaar   | Bought a tin of tremorstones for 210 gold pieces
 55068 | Elf:1    | Reached skill level 21 in Earth Magic
 55233 | Elf:1    | Identified Qyow's Compendium of Conjuration
 55409 | Elf:1    | Found a runed translucent door.
 55411 | Elf:1    | Noticed psellion's ghost (adept MiAM)
 55849 | Elf:1    | Killed psellion's ghost
 55849 | Elf:1    | Reached XP level 21. HP: 117/132 MP: 33/42
 56215 | Elf:2    | Reached skill level 15 in Fighting
 56527 | Elf:2    | Found a runed translucent door.
 56556 | Elf:2    | Found a runed translucent door.
 57553 | Elf:3    | Entered Level 3 of the Elven Halls
 57901 | Elf:3    | Found a runed translucent door.
 57907 | Elf:3    | Noticed Naugih's ghost (adept SpEn)
 57938 | Elf:3    | Killed Naugih's ghost
 58451 | Elf:3    | Reached skill level 22 in Earth Magic
 58886 | Elf:3    | Identified the +7 chain mail of Ruylag {-Cast +Inv rPois}
 59157 | Elf:3    | Reached XP level 22. HP: 142/142 MP: 26/44
 59280 | Elf:3    | Identified the ring of Acugh {rCorr Dex+3 Slay+2}
 60130 | Elf:3    | Identified the Handbook of Toxins and Ice
 60183 | Elf:3    | Identified the Handbook of Helpful Darkness
 60270 | Elf:3    | Identified Sif Muna's Disquisition on Floating Companions
 60337 | Elf:3    | Learned a level 5 spell: Borgnjor's Vile Clutch
 60337 | Elf:3    | Identified the +5 leather armour "Ulet" {Dex+3} (You found
                  | it on level 10 of the Dungeon)
 60337 | Elf:3    | Identified the +4 ring mail of Infinity {Str+3 Int+3} (You
                  | bought it in a shop on level 2 of the Orcish Mines)
 60337 | Elf:3    | Identified the +10 plate armour of Unwoip {Regen+ Slay+2}
                  | (You bought it in a shop on level 2 of the Orcish Mines)
 60337 | Elf:3    | Identified the cursed +1 robe of the Skies Above {rElec
                  | Int+7} (You found it on level 4 of the Shoals)
 60420 | Orc:2    | Identified the +10 plate armour of Unwoip {Regen+ Slay+2}
                  | (You bought it in a shop on level 2 of the Orcish Mines)
 60421 | Orc:2    | Identified the +4 ring mail of Infinity {Str+3 Int+3} (You
                  | bought it in a shop on level 2 of the Orcish Mines)
 60613 | Vaults:1 | Killed Vileos's ghost
 61173 | Vaults:3 | Found Seul's Jewellery Shoppe.
 61901 | Vaults:3 | Reached skill level 23 in Earth Magic
 62100 | Vaults:4 | Found Kideiqim's Gadget Boutique.
 62501 | Vaults:4 | Reached XP level 23. HP: 124/151 MP: 36/46
 63611 | Vaults:5 | Entered Level 5 of the Vaults
 63983 | Vaults:5 | Cast into level 2 of the Abyss (+2 trident of distortion)
 63992 | Vaults:5 | Escaped the Abyss
 63993 | Vaults:5 | Reached skill level 24 in Earth Magic
 64251 | Vaults:5 | Noticed a golden dragon
 64253 | Vaults:5 | Reached XP level 24. HP: 160/160 MP: 26/47
 64767 | Vaults:5 | Reached skill level 5 in Armour
 65025 | Vaults:5 | Identified the +3 plate armour "Goonifur" {rN+++ MR+
                  | Stlth-}
 65328 | Vaults:5 | Got a silver rune of Zot
 65392 | Vaults:5 | Identified the cursed +0 scythe of Jonaad {pain, rN+ Dex+3}
 66811 | Depths:1 | Entered Level 1 of the Depths
 67071 | Depths:1 | Reached skill level 5 in Dodging
 67142 | Depths:1 | Found a gateway to Hell.
 67395 | Depths:1 | Found Hehey's Antique Weapon Emporium.
 67395 | Depths:1 | Found Juahah's Magic Scroll Shoppe.
 67397 | Depths:1 | Identified the cursed +0 ring mail of Orthodoxy {+Fly rF+
                  | rC+}
 67400 | Depths:1 | Found Enias's Jewellery Emporium.
 67417 | Depths:1 | Found Vateo's Assorted Antiques.
 67449 | Depths:1 | Bought a scroll of enchant weapon for 120 gold pieces
 67449 | Depths:1 | Bought a scroll of enchant weapon for 120 gold pieces
 67449 | Depths:1 | Bought a scroll of enchant weapon for 120 gold pieces
 67483 | Depths:1 | Bought a transparent morningstar for 369 gold pieces
 67483 | Depths:1 | Identified the +3 morningstar "Newt's Death Toll" {drain,
                  | Dex+4} (You bought it in a shop on level 1 of the Depths)
 67627 | Depths:1 | Found a one-way gate to the infinite horrors of the Abyss.
 67745 | Depths:1 | Reached XP level 25. HP: 167/167 MP: 47/47
 68975 | Depths:2 | Found a runed translucent door.
 68976 | Depths:2 | Found a runed translucent door.
 68977 | Depths:2 | Found a runed translucent door.
 68991 | Depths:2 | Found a runed translucent door.
 68996 | Depths:2 | Identified the +7 hunting sling of Inyunis {venom, *Contam
                  | *Slow MR+++ Stlth+}
 68997 | Depths:2 | Found the +2 ratskin cloak {+Rats rPois rN+ Str-1 Int-1
                  | Dex+1}
 70012 | Depths:3 | Found a bloodstained altar of Trog.
 70382 | Depths:3 | Identified the +2 robe of Gofedutu {Int+2 Dex+3 SInv}
 70610 | Depths:3 | Noticed the Enchantress
 70626 | Depths:3 | Killed the Enchantress
 70694 | Depths:3 | Noticed Mara
 70697 | Depths:3 | Noticed jt's illusion
 70702 | Depths:3 | Killed from afar by jt's illusion (illusionary)

Levels and vault maps discovered:
D:1:      lightli_arrival_statue_moat, layout_basic, serial_glass,
          glass_columns_b, glass_columns_b, glass_columns_a, glass_columns_b,
          minmay_split_cup_small
D:2:      layout_loops_ring, evilmike_ruin_ashenzari, cheibriados_altar_1,
          first_ration, lemuel_blue_sif_altar
D:3:      layout_basic, lemuel_doored_altar
D:4:      layout_basic, nicolae_overflow_crystal_walls,
          minmay_temple_entry_statues_fountains
D:5:      layout_gridville, kennysheep_little_box,
          gammafunk_temple_overflow_pools, uniq_ijyb, uniq_menkaure, uniq_pikel
D:6:      layout_rooms, bloody_makhleb, uniq_eustachio, uniq_duvessa,
          uniq_grinder
D:7:      layout_basic, grunt_temple_overflow_holy_war,
          eat_drink_and_be_merry_uskayaw
D:8:      layout_basic, okawaru_trees_2, nemelex_lonely_heart_becter,
          uniq_gastronok, uniq_erica, uniq_psyche
D:9:      layout_loops_cross, nicolae_dithmenos_the_darkroom, basic_altar
D:10:     layout_grid_maze, jmf_multi_god_temple
D:11:     layout_basic, lair_entry_dummy, uniq_erolcha, uniq_nergalle
D:12:     layout_basic, erik_orc_1
D:13:     layout_stronghold
D:14:     layout_loops_cross, grunt_vaults_entry_fortified
D:15:     hangedman_depths_entry_try_elsewhere_first, layout_irregular_city,
          fedhas_altar_3, einodemon_barbed_minivault
Lair:1:   layout_misc_corridors
Lair:2:   layout_regular_city, spider_nest_entry_web_field, grunt_megastairs_3,
          uniq_sonja, uniq_maggie
Lair:3:   layout_regular_city, minivault_26, lemuel_fruit_fields
Lair:4:   lemuel_slime, layout_cave_pods, elwin_shoals_entry_rocks,
          grunt_megastairs_2
Lair:5:   layout_roguey, portal_ice_cave_rime
Lair:6:   evilmike_catoblepas_cave, layout_regular_city, slime_altar_1,
          uniq_urug
Shoals:1: layout_shoals, nicolae_shoals_cliffside_cave,
          wheals_shoals_ruined_temple
Shoals:2: layout_shoals
Shoals:3: layout_shoals
Shoals:4: shoals_end_hangedman, layout_shoals, ebering_ghost_rock_garden
Spider:1: layout_spider_delve
Spider:2: layout_spider_delve, gammafunk_ghost_grave, uniq_donald, uniq_arachne
Spider:3: cheibrodos_forgotten_conduit, uniq_nikola, uniq_agnes
Spider:4: grunt_spider_rune_circles, guppyfry_spider_mini_3, uniq_roxanne,
          uniq_louise
Orc:1:    layout_caves
Orc:2:    grunt_orc_gardens, layout_caves, grunt_orc_garden, grunt_orc_garden,
          grunt_orc_garden, grunt_orc_garden, uniq_saint_roka, uniq_jorgrun,
          uniq_maurice
Elf:1:    eino_elf_arrival_shootout, layout_geoelf_octagon, serial_glass,
          glass_columns_a, glass_columns_a, glass_columns_c, glass_columns_b,
          ebering_ghost_inner_flame, serial_shops, bzr_entry_dummy,
          minmay_elf_annihilation
Elf:2:    layout_geoelf_diagonals, serial_corexii_hall,
          chequers_hall_statues_corner_a, chequers_hall_statues_y
Elf:3:    minmay_elf_hall_spiked, layout_gridlike, ebering_ghost_reflecting_pool
Vaults:1: gammafunk_vaults_ghost_fury_of_okawaru, v_misc_27, v_alt_pattern_1,
          v_misc_2, ontoclasm_vaults_gateway, v_pattern_3,
          nicolae_vaults_asterisk, dpeg_vaults_waves, layout_vaults_omnigrid,
          serial_shops, shop, shop
Vaults:2: blue_anna_dwarven_crypt, v_pattern_4, hangedman_vaults_river_flow,
          vaults_standard_mumra_lines, nicolae_vaults_disjoint_gnomons,
          nicolae_vaults_sealed_display, st_quartered_hall, v_misc_25,
          vaults_dpeg_cross, ontoclasm_vaults_pinch, nicolae_vaults_alarming,
          v_misc_13, nicolae_vaults_little_squares_1, v_misc_23,
          hangedman_vaults_impose, layout_vaults_omnibox, serial_shops, shop,
          nicolae_shop_crystal, nicolae_shop_stone, shop, uniq_jory
Vaults:3: hangedman_vaults_restitches, vaults_mumra_chevron_long,
          nicolae_vaults_circle_grid_a, nicolae_vaults_back_hallway,
          v_alt_pattern_4, ontoclasm_vaults_shuriken,
          nicolae_vaults_shelves_hall, vaults_room_corners,
          layout_vaults_chaotic_city, serial_shops, shop_coins
Vaults:4: st_lattice, v_alt_pattern_1, dpeg_vaults_monster_box, v_misc_32,
          nicolae_vaults_twisting_passages, nicolae_vaults_circle_grid_b,
          v_misc_19, grunt_vaults_hallway_long, v_alt_pattern_2,
          vaults_room_corners, ontoclasm_vaults_eye, layout_vaults_omnicross,
          serial_shops, shop
Vaults:5
Crypt:1:  layout_chaotic_city
Depths:1: layout_cross, marbit_kobold_abyss_entry,
          hangedman_abyss_or_decor_jellyfish_corner, grunt_mini_vestibule,
          kennysheep_cluttered_room, eino_tiny_chamber,
          minmay_misc_feat_ornament, serial_bayou_lagoon_b, minmay_shoptagon
Depths:2: minmay_the_grid_triangle_9x9_recursive_3_mashed
          [minmay_the_grid_triangle_9x9_warning,
          minmay_the_grid_triangle_9x9_thin_v,
          minmay_the_grid_triangle_9x9_subtriangle,
          minmay_the_grid_triangle_9x9_prize_insulated,
          minmay_the_grid_triangle_9x9_fully_insulated_deathbox,
          minmay_the_grid_triangle_9x9_wacky_v,
          minmay_the_grid_triangle_9x9_odd_lines,
          minmay_the_grid_triangle_9x9_sparse_checkered,
          minmay_the_grid_triangle_9x9_pentomino_pain], layout_cave_pools,
          minmay_crystal_room, hangedman_geh_valley, abyss_entry
Depths:3: spriggan_forest, pan_entry, abyss_entry, hell_entry, uniq_mara,
          uniq_margery

Skill      XL: |  1  2  3  4  5  6  7  8  9 10 11 12 13 14 15 16 17 18 19 20 21 22 23 24 25 |
---------------+----------------------------------------------------------------------------+-----
Earth Magic    | 4 5 9 11 14 16 18 20 21 22 23 24 | 24.0
Short Blades   | 1 2 |  2.0
Shields        | 2 4 6 9 12 | 12.3
Fighting       | 2 4 7 8 10 11 13 14 16 17 18 19 20 | 20.3
Maces & Flails | 5 8 11 14 | 14.0
Evocations     | 4 5 7 9 |  9.5
Armour         | 1 2 3 7 9 |  9.8
Conjurations   | 3 7 8 |  8.6
Spellcasting   | 3 6 8 11 13 14 15 16 17 18 19 20 21 | 21.1
Transmutations | 4 5 |  5.5
Dodging        | 2 5 7 |  7.5
Stealth        | |  2.1
Hexes          | |  0.9
Necromancy     | |  0.5
Translocations | |  0.5

Action                   |  1- 3 |  4- 6 |  7- 9 | 10-12 | 13-15 | 16-18 | 19-21 | 22-24 | 25-27 || total
-------------------------+-------+-------+-------+-------+-------+-------+-------+-------+-------++-------
Melee: Unarmed           |    27 |       |       |       |       |       |       |       |       ||    27
       Club              |    14 |       |       |       |       |       |       |       |       ||    14
       Dagger            |    77 |   192 |   202 |    72 |       |       |       |       |       ||   543
       Mace              |       |    34 |   163 |    59 |    54 |    92 |       |       |       ||   402
       Flail             |       |       |       |   452 |   949 |       |       |       |       ||  1401
       Whip              |       |       |       |   160 |       |       |       |       |       ||   160
       Morningstar       |       |       |       |       |    69 |    62 |       |       |       ||   131
       Demon whip        |       |       |       |       |       |   670 |   722 |       |       ||  1392
       Eveningstar       |       |       |       |       |       |       |   500 |   938 |   422 ||  1860
Throw: Dart              |       |       |       |    17 |    14 |    25 |     2 |       |       ||    58
       Stone             |       |       |       |     2 |       |       |       |       |       ||     2
 Cast: Sandblast         |     7 |    15 |    12 |     7 |       |       |       |       |       ||    41
       Stone Arrow       |       |       |     1 |    63 |   105 |    71 |     2 |     1 |       ||   243
       Lee's Rapid Decon |       |       |       |    15 |   158 |   187 |   137 |    90 |    15 ||   602
       Animate Skeleton  |       |       |       |    14 |   117 |    75 |    79 |     4 |       ||   289
       Petrify           |       |       |       |       |     6 |    16 |     3 |       |       ||    25
       Irradiate         |       |       |       |       |    12 |    65 |    59 |    23 |    13 ||   172
       Leda's Liquefacti |       |       |       |       |     6 |    19 |    21 |    23 |     4 ||    73
       Mephitic Cloud    |       |       |       |       |     2 |     6 |       |       |       ||     8
       Iron Shot         |       |       |       |       |       |    19 |    34 |    16 |    15 ||    84
       Shatter           |       |       |       |       |       |       |     2 |    34 |    16 ||    52
       Apportation       |       |       |       |       |       |       |     3 |       |       ||     3
Invok: Curse Item        |       |       |       |     2 |       |     4 |     2 |     1 |       ||     9
       Scrying           |       |       |       |       |       |     1 |     1 |       |       ||     2
 Abil: Fly               |       |       |       |       |     1 |     3 |     1 |       |       ||     5
       Stop Flying       |       |       |       |       |       |     3 |     1 |       |       ||     4
Evoke: Wand              |       |       |     4 |    27 |     7 |    20 |     8 |       |       ||    66
       Lightning rod     |       |       |       |       |     4 |     3 |       |       |       ||     7
  Use: Scroll            |       |     4 |     2 |     6 |    12 |    10 |    13 |     6 |       ||    53
       Potion            |       |     1 |     2 |     7 |     3 |     4 |     2 |     2 |       ||    21
 Stab: Sleeping          |       |       |     2 |     3 |     2 |       |       |       |       ||     7
       Paralysed         |       |       |     2 |    10 |       |       |       |       |       ||    12
       Distracted        |       |       |       |     1 |     9 |     2 |     3 |     1 |       ||    16
       Petrified         |       |       |       |       |     7 |     3 |       |       |       ||    10
       Confused          |       |       |       |       |     3 |     3 |       |       |       ||     6
  Eat: Chunk             |     2 |     8 |     4 |    23 |    39 |    22 |    26 |    27 |    14 ||   165
       Ration            |       |       |     2 |     3 |     9 |     8 |     6 |     5 |     2 ||    35
Armor: Robe              |    17 |       |    61 |   237 |   390 |    51 |       |       |       ||   756
       Ring mail         |    45 |    81 |    95 |       |       |       |       |       |       ||   221
       Skin              |       |       |       |    15 |       |       |       |       |       ||    15
       Scale mail        |       |       |       |       |       |   528 |   463 |   480 |   189 ||  1660
Dodge: Dodged            |    56 |    92 |   145 |   269 |   434 |   354 |   173 |   283 |   141 ||  1947
Block: Buckler           |     5 |    47 |    79 |   147 |   343 |   314 |       |       |       ||   935
       Reflection        |       |       |       |     3 |    28 |    58 |    77 |    64 |     9 ||   239
       Other             |       |       |       |       |       |     3 |       |       |       ||     3
       Kite shield       |       |       |       |       |       |   167 |   581 |   653 |   291 ||  1692

Table legend:
 A = Non-vault XP
 B = Vault XP
 C = Vault XP percentage of total XP
 D = Non-vault monster count
 E = Vault monster count
 F = Vault count percentage of total count
                 A         B        C        D         E       F
            +---------+---------+-------+---------+---------+-------
      Total |  550427 |  541983 |  49.6 |    1389 |     686 |  33.1
            +---------+---------+-------+---------+---------+-------
        D:1 |      18 |       5 |  21.7 |      10 |       3 |  23.1
        D:2 |      70 |       0 |   0.0 |      21 |       0 |   0.0
        D:3 |     115 |       0 |   0.0 |      20 |       0 |   0.0
        D:4 |     375 |     641 |  63.1 |      24 |       1 |   4.0
        D:5 |     501 |     207 |  29.2 |      17 |       2 |  10.5
        D:6 |    1727 |     692 |  28.6 |      36 |       4 |  10.0
        D:7 |    1141 |    1594 |  58.3 |      19 |       1 |   5.0
        D:8 |    2633 |    3655 |  58.1 |      17 |       3 |  15.0
        D:9 |    2071 |       0 |   0.0 |      27 |       0 |   0.0
       D:10 |    1330 |    2493 |  65.2 |      26 |       4 |  13.3
       D:11 |    5845 |    1833 |  23.9 |      31 |       2 |   6.1
       D:12 |    2833 |     531 |  15.8 |      22 |      16 |  42.1
       D:13 |   10680 |       0 |   0.0 |      37 |       0 |   0.0
       D:14 |    6854 |    6904 |  50.2 |      16 |      11 |  40.7
       D:15 |   13988 |    4548 |  24.5 |      56 |      12 |  17.6
     Lair:1 |    6492 |       0 |   0.0 |      26 |       0 |   0.0
     Lair:2 |    5688 |    1258 |  18.1 |      21 |       3 |  12.5
     Lair:3 |    4191 |       0 |   0.0 |      22 |       0 |   0.0
     Lair:4 |    7300 |    1388 |  16.0 |      22 |      19 |  46.3
     Lair:5 |   11602 |     956 |   7.6 |      28 |       3 |   9.7
     Lair:6 |   11647 |   11489 |  49.7 |      30 |      23 |  43.4
   Shoals:1 |   16682 |    2469 |  12.9 |      32 |       3 |   8.6
   Shoals:2 |    8911 |       0 |   0.0 |      19 |       0 |   0.0
   Shoals:3 |   15471 |       0 |   0.0 |      30 |       0 |   0.0
   Shoals:4 |   16086 |   23357 |  59.2 |      33 |      33 |  50.0
   Spider:1 |   11215 |       0 |   0.0 |      38 |       0 |   0.0
   Spider:2 |   14388 |    6871 |  32.3 |      42 |       3 |   6.7
   Spider:3 |   16146 |   12785 |  44.2 |      46 |      14 |  23.3
   Spider:4 |   15915 |   26548 |  62.5 |      52 |      45 |  46.4
      Orc:1 |    1248 |    1676 |  57.3 |      21 |       8 |  27.6
      Orc:2 |    2118 |   16671 |  88.7 |      23 |      31 |  57.4
      Elf:1 |   30030 |    8239 |  21.5 |      46 |      12 |  20.7
      Elf:2 |   24332 |   26325 |  52.0 |      33 |      31 |  48.4
      Elf:3 |   25181 |   61627 |  71.0 |      39 |      39 |  50.0
   Vaults:1 |   19771 |   29852 |  60.2 |      37 |      38 |  50.7
   Vaults:2 |   31550 |   27922 |  46.9 |      58 |      30 |  34.1
   Vaults:3 |   39457 |    2443 |   5.8 |      67 |       3 |   4.3
   Vaults:4 |   28100 |   46951 |  62.6 |      39 |      38 |  49.4
   Vaults:5 |   51160 |  105405 |  67.3 |      80 |      88 |  52.4
    Crypt:1 |    4374 |       0 |   0.0 |       7 |       0 |   0.0
   Depths:1 |   50515 |    4817 |   8.7 |      74 |      10 |  11.9
   Depths:2 |   27948 |   47693 |  63.1 |      34 |      33 |  49.3
   Depths:3 |    2728 |   41357 |  93.8 |      11 |      76 |  87.4
      IceCv |       0 |   10781 | 100.0 |       0 |      44 | 100.0
            +---------+---------+-------+---------+---------+-------
